AoeStats
← Checkmate

Oasis

510012159Analyzed
3v3 RM · 3d ago on Sep 29, 2026· 70m 0s· 6 players
Game mode
Random Map
Map size
Normal (6 player)
Population
200
Speed
Normal
Resources
Standard
Victory
Conquest
Starting age
Dark Age
Ending age
Imperial Age
RankedLock teamsTeams togetherTeam positionsShared explorationLock speedFull tech treeHidden civsTurbo modeCheats
Victory
Defeat
🇦🇷 Ethiopians · Argentina
706
+11
🇺🇸 Burgundians · United States
681
+12
🇺🇸 Celts · United States
558
+18
🇨🇱 Khmer · Chile
641
-15
🇨🇱 Britons · Chile
589
-13
🇨🇱 Mongols · Chile
569
-13
Cami Fer
4:42 Loom
12:02 Feudal Age
17:37 Horse Collar
19:20 Stone Mining
21:40 Castle Age
19:58 Gold Mining
20:58 Double-Bit Axe
28:41 Bow Saw
31:01 Gold Shaft Mining
31:58 Stone Shaft Mining
34:48 Heavy Plow
37:05 Murder Holes
37:21 Masonry
41:00 Imperial Age
39:07 Husbandry
42:12 Wheelbarrow
44:17 Double Crossbow
45:23 Onager
46:34 Town Watch
47:38 Fletching
47:50 Padded Archer Armor
48:58 Chemistry
48:18 Ballistics
48:31 Architecture
50:08 Ballistics
49:59 Fortified Wall
56:02 Scale Barding Armor
57:18 Light Cavalry
58:09 Bloodlines
66:26 Hand Cart
miaumiaumiau
8:32 Loom
9:00 Loom
11:57 Feudal Age
13:02 Double-Bit Axe
13:10 Horse Collar
15:59 Gold Mining
19:32 Castle Age
19:05 Stone Mining
21:38 Bow Saw
21:36 Caravan
23:01 Wheelbarrow
24:34 Gold Shaft Mining
26:40 Hand Cart
26:13 Town Watch
29:21 Town Patrol
39:05 Imperial Age
38:36 Yeomen
38:08 Fletching
38:18 Padded Archer Armor
38:53 Bodkin Arrow
39:16 Forging
39:06 Scale Mail Armor
39:12 Scale Barding Armor
39:23 Elite Longbowman
43:06 Leather Archer Armor
42:52 Bracer
46:16 Conscription
46:29 Ring Archer Armor
49:17 Treadmill Crane
49:58 Ballistics
50:39 Chemistry
50:18 Light Cavalry
50:19 Cavalier
51:01 Husbandry
51:11 Scale Barding Armor
54:25 Chain Barding Armor
61:33 Plate Barding Armor
Sebasstt
10:58 Feudal Age
17:17 Town Watch
18:41 Double-Bit Axe
21:33 Castle Age
22:35 Bow Saw
22:19 Crossbowman
23:12 Horse Collar
24:45 Gold Mining
24:21 Pikeman
29:00 Wheelbarrow
30:30 Hand Cart
32:39 Thumb Ring
33:35 Ballistics
33:28 Fortified Wall
33:32 Fervor
33:30 Squires
33:57 Stone Mining
34:09 Town Patrol
35:10 Fletching
36:25 Bodkin Arrow
40:17 Imperial Age
40:34 Heavy Scorpion
41:13 Light Cavalry
42:04 Bloodlines
41:54 Husbandry
43:25 Bracer
43:55 Parthian Tactics
44:10 Conscription
44:13 Drill
45:55 Scale Barding Armor
46:31 Murder Holes
47:48 Gold Shaft Mining
47:48 Stone Shaft Mining
48:49 Elite Mangudai
49:49 Hussar
51:15 Capped Ram
52:08 Siege Ram
57:15 Caravan
57:45 Coinage
59:40 Cavalier
63:03 Forging
64:37 Heavy Cavalry Archer
68:20 Heavy Camel Rider
K1NGlogman
13:02 Feudal Age
13:45 Double-Bit Axe
13:53 Horse Collar
21:56 Castle Age
24:09 Bow Saw
26:02 Heavy Plow
26:49 Gold Mining
27:01 Stone Mining
30:03 Pikeman
37:39 Imperial Age
38:18 Caravan
39:36 Halberdier
41:25 Wheelbarrow
40:37 Loom
40:57 Scale Mail Armor
41:07 Forging
41:46 Capped Ram
41:48 Onager
42:57 Chain Mail Armor
43:18 Iron Casting
43:06 Hand Cart
43:17 Siege Onager
44:22 Siege Ram
44:28 Siege Ram
50:17 Conscription
50:09 Furor Celtica
60:51 Blast Furnace
60:26 Plate Mail Armor
CHACAL
11:06 Feudal Age
10:55 Wheelbarrow
11:42 Horse Collar
11:50 Double-Bit Axe
16:37 Hand Cart
20:47 Gold Mining
20:51 Stone Mining
24:44 Castle Age
26:44 Cavalier
27:26 Husbandry
31:49 Forging
31:40 Scale Mail Armor
31:46 Scale Barding Armor
33:30 Bow Saw
34:00 Gold Shaft Mining
34:06 Stone Shaft Mining
33:36 Caravan
34:07 Coinage
33:48 Guilds
37:57 Imperial Age
35:40 Heavy Plow
36:26 Iron Casting
36:11 Chain Barding Armor
39:57 Two-Man Saw
39:32 Crop Rotation
39:08 Elite Coustillier
41:19 Banking
40:33 Paladin
42:49 Blast Furnace
45:20 Plate Barding Armor
45:00 Chain Mail Armor
44:46 Padded Archer Armor
44:37 Fletching
47:16 Chemistry
46:03 Arrowslits
46:23 Siphons
46:09 Guard Tower
46:39 Ballistics
48:15 Loom
49:04 Plate Mail Armor
48:49 Leather Archer Armor
48:30 Bodkin Arrow
48:43 Burgundian Vineyards
Checkmate
0:26 Loom
10:26 Feudal Age
11:44 Wheelbarrow
11:16 Double-Bit Axe
12:52 Horse Collar
22:23 Castle Age
20:22 Stone Mining
20:34 Gold Mining
21:05 Padded Archer Armor
22:28 Fletching
22:55 Crossbowman
23:41 Thumb Ring
23:37 Bodkin Arrow
24:39 Squires
25:53 Leather Archer Armor
25:42 Heavy Plow
26:05 Bow Saw
27:52 Caravan
33:46 Imperial Age
32:59 Forging
32:49 Scale Mail Armor
33:48 Gold Shaft Mining
34:03 Stone Shaft Mining
34:40 Bracer
35:44 Chemistry
35:06 Ballistics
34:42 Murder Holes
34:11 Arbalester
36:02 Two-Man Saw
38:04 Ring Archer Armor
38:10 Iron Casting
37:57 Guilds
38:17 Coinage
38:54 Royal Heirs
38:43 Elite Shotel Warrior
41:32 Conscription
42:19 Blast Furnace
41:35 Chain Mail Armor
41:26 Scale Barding Armor
41:37 Fortified Wall
41:19 Town Watch
46:15 Arson
45:53 Halberdier
45:55 Elite Skirmisher
Connection lost

Rejoining the realm…

Still unreachable

The connection could not be restored.

Session expired

The server has moved on; the page needs a fresh start.